Map: Interloper LE

Players

AlexUA - Winner!

  • Race: Terran Terran
  • League: Grandmaster
  • Spawn Location: 5:00

aQua

  • Race: Protoss Protoss
  • League: Diamond
  • Spawn Location: 11:00

VOD

Have the link to the VOD?

Description

Time

  • Played on: Aug. 1, 2017, 4:20 a.m.
  • Length: 7:45
Show
View Real Time Build Order
Export as new Build Order

AlexUA Terran - Winner!

Build Orders: Cyclone Opening 

Get SALT Encoding   

  12  0:01  SCV  
  13  0:13  SCV  
  14  0:17  Supply Depot  
  14  0:25  SCV  
  15  0:29  Refinery  
  15  0:39  SCV  
  16  0:45  Barracks  
  16  0:51  SCV  
  16  0:56  Refinery  
  17  1:03  SCV  
  18  1:15  SCV  
  19  1:27  SCV  
  20  1:33  Factory  
  20  1:37  Barracks Reactor  
  20  1:39  Orbital Command  
  20  1:49  Supply Depot  
  20  2:07  SCV  
  21  2:09  Factory  
  21  2:13  Marine  
  22  2:15  Marine  
  22  2:20  Widow Mine  
  25  2:23  SCV  
  26  2:32  Supply Depot  
  26  2:42  SCV  
  27  2:54  Cyclone  
  27  2:56  Cyclone  
  33  3:01  Cyclone  
  36  3:07  Supply Depot  
  36  3:27  Cyclone  
  39  3:29  Hellion  
  39  3:33  Cyclone  
  44  3:35  Supply Depot  
  44  3:50  Cyclone  
  47  3:57  SCV  
  47  3:59  Supply Depot  
  47  4:01  Hellion  
  50  4:08  Cyclone  
  50  4:09  SCV  
  54  4:27  Cyclone  
  54  4:28  Hellion  
  55  4:43  Marine  
  56  4:46  SCV  
  50  4:58  SCV, Cyclone  
  53  5:02  Hellion, Cyclone  
  53  5:05  Marine  
  56  5:10  SCV  
  57  5:23  Cyclone  
  60  5:31  Hellion  
  60  5:32  SCV  
  63  5:36  Supply Depot  
  63  5:45  Supply Depot  
  63  5:48  SCV  
  61  5:51  Cyclone  
  61  5:54  Hellion  
  63  6:02  Cyclone  
  61  6:14  SCV  
  61  6:16  Hellion  
  64  6:23  Hellion  
  66  6:28  SCV  
  63  6:34  Hellion  
  63  6:37  Cyclone  
  68  6:44  Cyclone  
  71  6:51  Supply Depot  
  71  6:54  Marine  
Show
View Real Time Build Order
Export as new Build Order

aQua Protoss 

Build Orders: 1 Gate Expand 

Get SALT Encoding   

  12  0:01  Probe (Chrono Boost)  
  13  0:11  Probe (Chrono Boost)  
  14  0:19  Pylon  
  14  0:22  Probe (Chrono Boost)  
  15  0:37  Probe (Chrono Boost)  
  15  0:38  Gateway  
  16  0:43  Assimilator  
  16  0:48  Probe (Chrono Boost)  
  17  0:58  Probe (Chrono Boost)  
  18  1:09  Probe (Chrono Boost)  
  19  1:19  Probe (Chrono Boost)  
  20  1:28  Nexus  
  20  1:32  Cybernetics Core  
  20  1:35  Probe (Chrono Boost)  
  21  1:45  Probe (Chrono Boost)  
  21  1:46  Pylon  
  22  1:52  Assimilator  
  22  1:56  Probe (Chrono Boost)  
  23  2:06  Probe (Chrono Boost)  
  24  2:14  Robotics Facility  
  24  2:17  Probe (Chrono Boost)  
  25  2:25  Warp Gate (Chrono Boost)  
  25  2:27  Probe (Chrono Boost)  
  26  2:36  Gateway  
  25  2:41  Gateway  
  25  2:46  Probe  
  25  2:47  Probe  
  27  2:57  Assimilator  
  27  3:06  Immortal (Chrono Boost)  
  32  3:14  Mothership Core, Probe  
  34  3:20  Pylon  
  34  3:26  Probe  
  35  3:35  Probe  
  35  3:36  Stargate  
  35  3:38  Probe  
  38  3:41  Observer (Chrono Boost)  
  38  3:47  Probe  
  39  3:51  Probe  
  40  3:59  Probe  
  40  4:02  Immortal (Chrono Boost)  
  45  4:06  Probe  
  46  4:11  Pylon, Probe (Chrono Boost)  
  46  4:13  Pylon  
  47  4:20  Probe (Chrono Boost)  
  47  4:22  Oracle  
  51  4:27  Stalker  
  53  4:35  Adept x2  
  51  4:53  Immortal  
  51  4:56  Stalker  
  51  4:57  Stalker  
  49  5:12  Stalker  
  49  5:13  Pylon  
  31  5:31  Zealot, Stalker  
  31  5:32  Immortal  
  39  5:41  Stalker  
  37  5:54  Stalker  
  39  6:00  Pylon  
  39  6:14  Stalker  
  39  6:15  Stalker  
  33  6:21  Mothership Core (Chrono Boost)  
  28  6:31  Stalker  
  6  6:45  Probe (Chrono Boost)  
  6  7:06  Zealot  
  6  7:07  Zealot x2  
Tags
 
Add a new tag
Caveats
  • Supply blocks, unpowered buildings, or Contaminate may cause inaccurate times.
  • Supply counts are checked every 10 seconds.